Map: Dusk Towers

Players

Mindele

  • Race: Terran Terran
  • League: Bronze

A.I. 1 (Very Easy) - Winner!

  • Race: Terran Terran

VOD

Have the link to the VOD?

Description

Time

  • Played on: May 25, 2016, 5:48 p.m.
  • Length: 5:09
Show
View Real Time Build Order
Export as new Build Order

Mindele Terran 

Build Orders:  

Get SALT Encoding   

  12  0:01  SCV  
  13  0:14  SCV  
  14  0:18  Supply Depot  
  14  0:26  SCV  
  15  0:39  SCV  
  16  0:46  Barracks  
  16  0:51  SCV  
  17  0:59  Barracks  
  17  1:03  SCV  
  18  1:11  Barracks  
  18  1:15  SCV  
  19  1:28  SCV  
  20  1:33  Marine  
  21  1:41  Supply Depot, Orbital Command  
  21  1:46  Marine  
  22  1:53  Marine  
  23  2:02  Marine  
  23  2:06  Barracks  
  24  2:11  Marine  
  24  2:13  Marine  
  26  2:22  Marine  
  27  2:25  Supply Depot  
  27  2:30  Marine, Barracks  
  27  2:33  Marine  
  29  2:41  Marine  
  30  2:48  Barracks  
  30  2:49  Marine  
  31  2:54  Supply Depot  
  31  2:55  Marine  
  31  2:57  Marine  
  33  3:04  Marine  
  34  3:08  Marine  
  35  3:14  Marine  
  35  3:16  Supply Depot  
  36  3:21  Marine  
  36  3:22  Marine  
  36  3:24  Marine  
  39  3:29  Marine  
  40  3:36  Marine  
  40  3:37  Marine  
  40  3:41  Marine  
  42  3:42  Marine  
  42  3:43  Marine  
  45  3:49  Supply Depot  
  45  3:51  Marine  
  46  3:56  Marine  
  46  3:58  Marine  
  46  4:01  Marine  
  49  4:04  Marine  
  49  4:06  Marine  
  51  4:10  Marine  
  52  4:17  Marine x2  
  52  4:23  Marine  
  52  4:24  Supply Depot  
  55  4:25  Marine  
  55  4:26  Marine  
  55  4:30  Marine  
  58  4:36  Marine  
  58  4:38  Marine  
  59  4:42  Marine  
  59  4:45  Marine  
  62  4:46  Supply Depot  
  62  4:48  Marine  
  65  5:09  Supply Depot  
Show
View Real Time Build Order
Export as new Build Order

A.I. 1 (Very Easy) Terran - Winner!

Build Orders:  

Get SALT Encoding   

  12  0:00  SCV  
  13  0:13  SCV  
  14  0:19  Supply Depot  
  14  0:37  Refinery  
  14  0:42  Barracks  
  14  1:02  Supply Depot  
  14  1:11  Refinery  
  14  1:29  Marine, Orbital Command  
  15  1:49  Barracks Tech Lab  
  15  1:55  SCV  
  16  2:07  SCV  
  17  2:10  Marine  
  18  2:19  SCV  
  19  2:31  SCV  
  20  2:43  SCV  
  23  2:51  Marauder  
  23  2:55  SCV  
  24  4:11  SCV  
  24  4:14  Marine  
  24  4:16  Supply Depot  
  25  4:23  SCV  
  13  4:35  SCV  
  4  4:46  Supply Depot  
Tags
 
League
Bronze
Matchup
TvT
Race
Terran
Add a new tag
Caveats
  • Supply blocks, unpowered buildings, or Contaminate may cause inaccurate times.
  • Supply counts are checked every 10 seconds.